[ AOE2 MATCH · #476127038 ]
UnrankedHuns vs Bulgarians
Player's team · LOSS
Rival team · WIN
[ REPLAY ANALYSIS · EXTRACTED FROM THE RECORDED GAME ]
Feudal
11:44
Castle
26:39
Imperial
40:25
| APM avg | 12.8 |
| APM peak | 30 |
| eAPM avg | 9.3 |
| Villagers / military | 83 / 141 |
Focus
⚔️ 37.4% · 🌾 62.6%
Tarkan ×60 · Cavalry Archer ×34 · Militia ×12 · Knight ×9 · Scorpion ×9 · Scout Cavalry ×8
Feudal
13:39
Castle
23:05
Imperial
46:08
| APM avg | 30.5 |
| APM peak | 98 |
| eAPM avg | 16.3 |
| Villagers / military | 133 / 92 |
Focus
⚔️ 22.1% · 🌾 77.9%
Spearman ×28 · Militia ×25 · Skirmisher ×25 · Konnik ×14
Match map
Initial resources + every placement click. Lines = walls · curves = elevation contours. ◆ gold · ⬟ stone · ● berries · ✦ relic · ◌ wall gap
Your base· Open — unwalled flank
Slippy's base· Open — unwalled flank
Smoothed initial terrain · ◌ = detected wall gap · hover for details
Inputs per minute
— Caronte - - Slippy
Build order — Caronte
First 150 of 269 actions detected
| 0:23 | Create | Villager (Male) ×4 |
| 1:47 | Create | Villager (Male) |
| 1:48 | Create | Villager (Male) |
| 2:53 | Create | Villager (Male) ×2 |
| 3:03 | Build | Mill |
| 3:07 | Create | Villager (Male) |
| 3:50 | Create | Villager (Male) |
| 4:07 | Create | Villager (Male) |
| 4:08 | Create | Villager (Male) |
| 4:08 | Create | Villager (Male) |
| 5:32 | Create | Villager (Male) |
| 5:32 | Create | Villager (Male) |
| 6:51 | Create | Villager (Male) ×5 |
| 7:07 | Build | Lumber Camp |
| 8:15 | Create | Villager (Male) |
| 8:49 | Build | Palisade Wall |
| 8:52 | Build | Palisade Wall |
| 9:11 | Build | Palisade Gate |
| 9:34 | Research | Feudal Age |
| 9:35 | Research | Feudal Age |
| 10:54 | Create | Villager (Male) |
| 10:54 | Create | Villager (Male) |
| 10:55 | Create | Villager (Male) |
| 11:36 | Build | Barracks |
| 11:44 | Age | Feudal Age |
| 11:55 | Research | Horse Collar |
| 11:58 | Research | Double-Bit Axe |
| 12:14 | Build | Farm |
| 12:24 | Build | Stone Wall |
| 12:34 | Build | Blacksmith |
| 12:46 | Build | Farm |
| 12:50 | Research | Wheelbarrow |
| 12:53 | Create | Spearman |
| 12:54 | Create | Spearman |
| 13:05 | Build | Farm |
| 13:14 | Create | Villager (Male) |
| 13:25 | Build | Farm |
| 13:27 | Build | Farm |
| 13:33 | Build | Farm |
| 13:34 | Build | Farm |
| 13:35 | Build | Farm |
| 13:36 | Build | Farm |
| 13:37 | Build | Farm |
| 13:37 | Build | Farm |
| 13:37 | Build | Farm |
| 13:42 | Create | Spearman |
| 13:42 | Create | Spearman |
| 14:03 | Create | Spearman |
| 14:12 | Build | Watch Tower |
| 14:35 | Create | Villager (Male) |
| 14:54 | Build | Stable |
| 15:04 | Build | Farm |
| 15:11 | Create | Villager (Male) |
| 15:12 | Create | Villager (Male) |
| 15:16 | Build | Farm |
| 16:08 | Create | Villager (Male) |
| 16:08 | Create | Villager (Male) |
| 16:29 | Build | Farm |
| 16:29 | Build | Farm |
| 16:40 | Build | Market |
| 16:54 | Create | Scout Cavalry |
| 16:54 | Create | Scout Cavalry |
| 16:59 | Create | Scout Cavalry |
| 17:14 | Build | Mining Camp |
| 17:21 | Create | Villager (Male) |
| 17:22 | Create | Villager (Male) |
| 17:35 | Build | Stone Wall |
| 17:55 | Build | Farm |
| 17:56 | Build | Farm |
| 17:56 | Build | Farm |
| 17:57 | Build | Farm |
| 18:07 | Build | Farm |
| 18:11 | Create | Villager (Male) |
| 18:22 | Build | Stone Wall |
| 18:43 | Build | Mining Camp |
| 19:21 | Create | Scout Cavalry |
| 19:22 | Create | Scout Cavalry |
| 20:04 | Research | Bloodlines |
| 20:05 | Create | Scout Cavalry |
| 20:12 | Build | Gate |
| 20:14 | Create | Scout Cavalry |
| 20:14 | Create | Scout Cavalry |
| 20:21 | Create | Militia |
| 20:22 | Create | Militia |
| 20:29 | Create | Militia |
| 20:31 | Research | Man-at-Arms (upgrade) |
| 20:54 | Build | Stable |
| 21:17 | Build | Farm |
| 21:18 | Build | Farm |
| 21:18 | Build | Farm |
| 21:18 | Build | Farm |
| 21:20 | Build | Farm |
| 22:21 | Build | Mill |
| 22:32 | Build | Stone Wall |
| 23:59 | Research | Castle Age |
| 24:16 | Build | Archery Range |
| 24:17 | Build | Archery Range |
| 24:28 | Create | Militia |
| 24:29 | Create | Militia |
| 24:37 | Research | Stone Mining |
| 24:38 | Research | Gold Mining |
| 25:06 | Research | Forging |
| 25:38 | Create | Militia |
| 25:39 | Create | Militia |
| 26:39 | Age | Castle Age |
| 26:47 | Create | Knight |
| 26:48 | Create | Knight |
| 26:51 | Research | Husbandry |
| 26:57 | Create | Cavalry Archer |
| 26:57 | Create | Cavalry Archer |
| 27:10 | Build | Archery Range |
| 27:12 | Create | Villager (Male) |
| 27:12 | Create | Villager (Male) |
| 27:12 | Create | Villager (Male) |
| 27:33 | Build | Monastery |
| 27:35 | Create | Villager (Male) |
| 27:35 | Create | Villager (Male) |
| 27:47 | Create | Knight |
| 27:47 | Create | Knight |
| 28:10 | Build | Castle |
| 28:13 | Create | Villager (Male) ×5 |
| 28:34 | Create | Knight |
| 28:34 | Create | Knight |
| 29:49 | Build | Mining Camp |
| 30:01 | Create | Tarkan |
| 30:01 | Create | Tarkan |
| 30:03 | Create | Cavalry Archer |
| 30:04 | Create | Cavalry Archer |
| 30:07 | Research | Thumb Ring |
| 30:30 | Build | Stone Wall |
| 30:40 | Build | Farm |
| 30:50 | Create | Villager (Male) |
| 30:51 | Create | Villager (Male) |
| 31:35 | Research | Long Swordsman (upgrade) |
| 31:36 | Research | Squires |
| 31:37 | Create | Villager (Male) |
| 31:38 | Create | Villager (Male) |
| 31:52 | Build | Town Center |
| 32:19 | Create | Cavalry Archer |
| 32:39 | Create | Knight |
| 32:39 | Create | Knight |
| 32:46 | Create | Tarkan |
| 32:46 | Create | Tarkan |
| 32:52 | Create | Villager (Male) ×2 |
| 32:53 | Create | Villager (Male) ×2 |
| 34:21 | Create | Monk |
| 34:58 | Build | Archery Range |
| 35:05 | Create | Villager (Male) ×5 |
| 35:20 | Build | Farm |
| 35:20 | Build | Farm |
Build order — Slippy
First 150 of 374 actions detected
| 0:01 | Create | Villager (Male) |
| 0:01 | Create | Villager (Male) |
| 0:01 | Create | Villager (Male) |
| 0:03 | Build | House |
| 0:04 | Build | House |
| 0:32 | Create | Villager (Male) |
| 1:42 | Create | Villager (Male) |
| 1:42 | Create | Villager (Male) |
| 2:02 | Create | Villager (Male) |
| 2:30 | Create | Villager (Male) |
| 2:43 | Build | House |
| 3:04 | Create | Villager (Male) |
| 3:04 | Create | Villager (Male) |
| 3:05 | Create | Villager (Male) |
| 3:54 | Build | Mill |
| 4:42 | Create | Villager (Male) |
| 5:00 | Build | Lumber Camp |
| 5:29 | Create | Villager (Male) |
| 5:29 | Create | Villager (Male) |
| 6:06 | Create | Villager (Male) |
| 6:22 | Create | Villager (Male) |
| 6:23 | Create | Villager (Male) |
| 7:01 | Create | Villager (Male) |
| 7:02 | Create | Villager (Male) |
| 7:14 | Create | Villager (Male) |
| 7:32 | Build | House |
| 7:35 | Build | House |
| 7:59 | Create | Villager (Male) |
| 7:59 | Create | Villager (Male) |
| 8:52 | Build | Farm |
| 8:54 | Create | Villager (Male) |
| 9:06 | Build | House |
| 9:21 | Build | Farm |
| 9:25 | Build | Farm |
| 9:29 | Create | Villager (Male) |
| 9:44 | Build | Farm |
| 10:55 | Build | Farm |
| 11:00 | Build | Farm |
| 11:29 | Research | Feudal Age |
| 12:36 | Build | Barracks |
| 13:01 | Create | Villager (Male) |
| 13:02 | Create | Villager (Male) |
| 13:03 | Create | Villager (Male) |
| 13:28 | Build | Farm |
| 13:32 | Build | Farm |
| 13:39 | Age | Feudal Age |
| 13:41 | Create | Militia |
| 13:42 | Create | Militia |
| 13:42 | Create | Militia |
| 13:42 | Create | Militia |
| 13:54 | Build | Farm |
| 14:17 | Build | Farm |
| 14:40 | Build | Farm |
| 14:40 | Create | Villager (Male) |
| 14:41 | Create | Villager (Male) |
| 14:41 | Create | Villager (Male) |
| 15:06 | Build | Farm |
| 15:52 | Create | Militia |
| 16:11 | Build | House |
| 16:13 | Build | House |
| 16:15 | Create | Villager (Male) |
| 16:15 | Create | Villager (Male) |
| 16:15 | Create | Villager (Male) |
| 16:16 | Create | Villager (Male) |
| 16:20 | Build | House |
| 16:23 | Build | House |
| 16:51 | Build | Lumber Camp |
| 17:01 | Build | House |
| 17:03 | Build | House |
| 17:10 | Build | Mining Camp |
| 17:10 | Create | Villager (Male) |
| 17:10 | Create | Villager (Male) |
| 17:11 | Create | Villager (Male) |
| 17:20 | Build | House |
| 17:21 | Build | House |
| 17:23 | Build | House |
| 17:48 | Create | Villager (Male) |
| 18:02 | Build | Blacksmith |
| 18:23 | Create | Villager (Male) |
| 18:43 | Build | Market |
| 19:52 | Build | House |
| 19:53 | Build | House |
| 19:56 | Build | House |
| 20:13 | Create | Villager (Male) |
| 20:25 | Research | Castle Age |
| 20:54 | Build | Farm |
| 20:59 | Build | Farm |
| 21:09 | Build | Farm |
| 21:42 | Build | Mining Camp |
| 21:55 | Create | Villager (Male) |
| 21:56 | Create | Villager (Male) |
| 22:03 | Build | Farm |
| 22:19 | Build | House |
| 22:36 | Build | Barracks |
| 22:46 | Build | House |
| 22:48 | Build | House |
| 22:49 | Build | House |
| 22:50 | Build | House |
| 22:53 | Build | House |
| 23:05 | Age | Castle Age |
| 23:13 | Create | Spearman |
| 23:13 | Create | Spearman |
| 23:14 | Create | Spearman |
| 23:14 | Create | Spearman |
| 23:20 | Research | Wheelbarrow |
| 24:46 | Build | Town Center |
| 25:02 | Create | Spearman |
| 25:02 | Create | Spearman |
| 25:04 | Create | Militia |
| 25:04 | Create | Militia |
| 25:52 | Create | Militia |
| 25:54 | Create | Villager (Male) |
| 25:55 | Create | Villager (Male) |
| 26:41 | Create | Villager (Male) |
| 27:20 | Create | Villager (Male) |
| 27:20 | Create | Villager (Male) |
| 27:20 | Create | Villager (Male) |
| 27:21 | Create | Villager (Male) |
| 27:21 | Create | Villager (Male) |
| 27:21 | Create | Villager (Male) |
| 27:22 | Create | Villager (Male) |
| 27:22 | Create | Villager (Male) |
| 27:22 | Create | Villager (Male) |
| 27:22 | Create | Villager (Male) |
| 27:22 | Create | Villager (Male) |
| 28:01 | Create | Villager (Male) |
| 28:42 | Create | Villager (Male) |
| 28:42 | Create | Villager (Male) |
| 28:48 | Build | House |
| 28:50 | Build | House |
| 28:52 | Create | Militia |
| 28:52 | Create | Militia |
| 28:52 | Create | Militia |
| 28:53 | Create | Militia |
| 29:12 | Build | Palisade Wall |
| 29:23 | Build | Palisade Wall |
| 29:52 | Build | Town Center |
| 29:55 | Create | Villager (Male) |
| 29:56 | Create | Villager (Male) |
| 29:56 | Create | Villager (Male) |
| 30:02 | Create | Villager (Male) |
| 30:03 | Create | Villager (Male) |
| 30:03 | Create | Villager (Male) |
| 30:15 | Create | Villager (Male) |
| 30:17 | Build | Farm |
| 30:20 | Build | Farm |
| 30:25 | Build | Farm |
| 30:30 | Build | Farm |
| 30:34 | Build | Farm |
| 30:42 | Build | Farm |
Match timeline
| 8:49 | Caronte · wall_segment Palisade Wall x8 |
| 8:52 | Caronte · wall_segment Palisade Wall x7 |
| 11:36 | Caronte · first_building Barracks |
| 11:44 | Caronte · age_up feudal |
| 12:24 | Caronte · wall_segment Stone Wall x7 |
| 12:36 | Slippy · first_building Barracks |
| 13:39 | Slippy · age_up feudal |
| 14:54 | Caronte · first_building Stable |
| 17:35 | Caronte · wall_segment Stone Wall x5 |
| 18:22 | Caronte · wall_segment Stone Wall x3 |
| 20:22 | Slippy · first_market_sell 100 wood |
| 22:32 | Caronte · wall_segment Stone Wall x6 |
| 23:05 | Slippy · age_up castle |
| 24:16 | Caronte · first_building Archery Range |
| 26:39 | Caronte · age_up castle |
| 27:33 | Caronte · first_building Monastery |
| 28:10 | Caronte · first_building Castle |
| 28:32 | Slippy · first_market_buy 100 wood |
| 29:12 | Slippy · wall_segment Palisade Wall x1 |
| 29:23 | Slippy · wall_segment Palisade Wall x26 |
| 30:30 | Caronte · wall_segment Stone Wall x7 |
| 34:15 | Slippy · first_building Archery Range |
| 34:33 | Slippy · first_building Krepost |
| 36:38 | Caronte · wall_segment Stone Wall x6 |
| 38:59 | Slippy · wall_segment Palisade Wall x1 |
| 39:28 | Caronte · first_market_sell 100 food |
| 40:25 | Caronte · age_up imperial |
| 41:39 | Slippy · first_building Castle |
| 42:11 | Caronte · first_building Siege Workshop |
| 46:08 | Slippy · age_up imperial |
| 59:19 | Slippy · wall_segment Palisade Wall x5 |
| 59:28 | Slippy · wall_segment Palisade Wall x2 |
[ AI ANALYSIS · 1 CREDIT ]
What really happened in this match?
Wolo.gg analyzes every decision: build order, eco, micro, common mistakes by bracket. Personalized analysis on WhatsApp or Discord in 30 seconds.
Civ guide
Huns
Perfil
Jugador #3638121